 Dungeon Crawl Stone Soup version 0.31.0-12-g77e489cdc1 (webtiles) character file.

Game seed: 742709628889673629

14123222 rodbeard the Shapeless Octopus (level 27, 219/224 HPs)
             Began as an Octopode Shapeshifter on Mar 2, 2024.
             Was the Champion of the Shining One.
             Escaped with the Orb
             ... and 15 runes on Mar 3, 2024!
             The game lasted 07:50:43 (112332 turns).

rodbeard the Shapeless Octopus (OpSh)             Turns: 112332, Time: 07:50:43

Health: 219/224    AC: 29    Str: 29    XL:     27
Magic:  50/50      EV: 56    Int: 15    God:    the Shining One [******]
Gold:   12362      SH:  5    Dex: 12    Spells: 45/54 levels left

rFire   + +          +
                       - Unarmed
rCold   + + +        (shield currently unavailable)
rNeg    + + +        P - melded +2 hat
rPois   ∞            t - amulet of Byrphunis {Reflect ^Drain rF+ rCorr SH+5}
rElec   +            B - ring of protection from cold
rCorr   +            o - ring "Votzyf" {rF+ EV+5}
SInv    +            S - ring of Bockires {rF++ AC+4 Str+2 Dex-5}
Will    ++++.        v - ring "Gug Ket" {+Blink rN+ SInv}
Stlth   ++           R - ring of Udeqip {Will+ MP+9 Dex+5}
HPRegen 0.57/turn    H - ring of Laisoume {rC++ rCorr SInv}
MPRegen 0.32/turn    V - ring of Equilibrium {Will+ AC+4 Str+3}
                     d - +6 ring of protection

%: reflection
@: storm-form, flying, glowing, studying 4 skills
A: cleaving, insubstantial, flying, almost no armour, amphibious, 8 rings,
(camouflage 1), (gelatinous body 1), (nimble swimmer 1), (tentacles), (fire
resistance 1), (poison resistance), subdued magic 1
0: Orb of Zot
}: 15/15 runes: decaying, serpentine, slimy, silver, golden, iron, obsidian,
icy, bone, abyssal, demonic, glowing, magical, fiery, dark
a: Blinkbolt, Begin Untransformation, Renounce Religion, Evoke Blink, Divine
Shield, Cleansing Flame, Summon Divine Warrior, Brand Weapon With Holy Wrath


You escaped.
You worshipped the Shining One.
The Shining One was exalted by your worship.
You were a lightning-filled tempest!
You visited 18 branches of the dungeon, and saw 88 of its levels.
You visited Pandemonium 2 times, and saw 20 of its levels.
You visited the Abyss 6 times.
You visited 2 bazaars.
You visited 1 ziggurat, and saw 13 of its levels.
You also visited: Trove, Sewer and Wizlab.

You collected 16863 gold pieces.
You spent 4501 gold pieces at shops.

Inventory:

Missiles
 l - 5 throwing nets
Armour
 P - a +2 hat (melded)
Jewellery
 c - the ring of Azojan {rPois Str+6 Dex+4 Slay+2}
   (You found it on level 12 of a ziggurat)

   [ring of strength]

   Str+6:     It affects your strength (+6).
   Dex+4:     It affects your dexterity (+4).
   Slay+2:    It affects your accuracy & damage with ranged weapons and melee
   (+2).
   rPois:     It protects you from poison
 d - a +6 ring of protection (on tentacle)
 h - the ring "Reshroa" {rN+ MP+9 Int+3 Stlth+}
   (You found it in Pandemonium)

   [ring of positive energy]

   Int+3:     It affects your intelligence (+3).
   rN+:       It protects you from negative energy.
   MP+9:      It affects your magic capacity (+9).
   Stlth+:    It makes you more stealthy.
 k - the amulet of Cacot {RegenMP rElec rCorr Dex+2}
   (You found it on level 7 of the Iron City of Dis)

   [amulet of magic regeneration]

   RegenMP:   It increases your rate of magic regeneration.
   Dex+2:     It affects your dexterity (+2).
   rElec:     It insulates you from electricity.
   rCorr:     It protects you from acid and corrosion.
 o - the ring "Votzyf" (right tentacle) {rF+ EV+5}
   (You took it off a deep elf elementalist on level 3 of the Elven Halls)

   [ring of evasion]

   EV+5:      It affects your evasion (+5).
   rF+:       It protects you from fire.
 t - the amulet of Byrphunis (around neck) {Reflect ^Drain rF+ rCorr SH+5}
   (You found it on level 3 of the Crypt)

   [amulet of reflection]

   Reflect:   It reflects blocked missile attacks.
   rF+:       It protects you from fire.
   rCorr:     It protects you from acid and corrosion.
   ^Drain:    It drains your maximum health when unequipped.
   SH+5:      It affects your SH (+5).
 u - the ring "Myuques" {rF+ Slay+2}
   (You found it in Pandemonium)

   [ring of protection from fire]

   Slay+2:    It affects your accuracy & damage with ranged weapons and melee
   (+2).
   rF+:       It protects you from fire.
 v - the ring "Gug Ket" (on tentacle) {+Blink rN+ SInv}
   (You took it off a death knight on level 3 of the Crypt)

   [ring of positive energy]

   rN+:       It protects you from negative energy.
   SInv:      It lets you see invisible.
   +Blink:    It lets you blink.
 B - a ring of protection from cold (left tentacle)
 H - the ring of Laisoume (on tentacle) {rC++ rCorr SInv}
   (You found it on level 5 of a ziggurat)

   [ring of see invisible]

   rC++:      It greatly protects you from cold.
   SInv:      It lets you see invisible.
   rCorr:     It protects you from acid and corrosion.
 J - the ring "Keocwuf" {rN+ Str+6 Dex+3}
   (You found it on level 7 of the Iron City of Dis)

   [ring of strength]

   Str+6:     It affects your strength (+6).
   Dex+3:     It affects your dexterity (+3).
   rN+:       It protects you from negative energy.
 O - the ring of Coyguwn {rElec rF+ rN+}
   (You found it on level 6 of a ziggurat)

   [ring of positive energy]

   rF+:       It protects you from fire.
   rElec:     It insulates you from electricity.
   rN+:       It protects you from negative energy.
 R - the ring of Udeqip (on tentacle) {Will+ MP+9 Dex+5}
   (You took it off a deep elf blademaster on level 3 of the Elven Halls)

   [ring of magical power]

   Dex+5:     It affects your dexterity (+5).
   Will+:     It increases your willpower.
   MP+9:      It affects your magic capacity (+9).
 S - the ring of Bockires (on tentacle) {rF++ AC+4 Str+2 Dex-5}
   (You found it on level 7 of the Iron City of Dis)

   [ring of protection]

   AC+4:      It affects your AC (+4).
   Str+2:     It affects your strength (+2).
   Dex-5:     It affects your dexterity (-5).
   rF++:      It greatly protects you from fire.
 T - the ring of the Greedy {rElec MP+9 Str-5 Dex+5 Slay+4}
   (You found it on level 7 of Cocytus)

   [ring of slaying]

   Str-5:     It affects your strength (-5).
   Dex+5:     It affects your dexterity (+5).
   Slay+4:    It affects your accuracy & damage with ranged weapons and melee
   (+4).
   rElec:     It insulates you from electricity.
   MP+9:      It affects your magic capacity (+9).
 V - the ring of Equilibrium (on tentacle) {Will+ AC+4 Str+3}
   (You bought it in a shop on level 4 of the Dungeon)

   [ring of protection]

   AC+4:      It affects your AC (+4).
   Str+3:     It affects your strength (+3).
   Will+:     It increases your willpower.
Talismans
 g - a storm talisman (active)
Wands
 s - a wand of charming (99)
 A - a wand of flame (216)
 C - a wand of acid (62)
 M - a wand of digging (24)
 N - a wand of mindburst (51)
 Q - a wand of polymorph (74)
 U - a wand of roots (80)
Scrolls
 e - 11 scrolls of teleportation
 f - 4 scrolls of vulnerability
 w - 11 scrolls of fog
 x - 11 scrolls of fear
 y - 2 scrolls of revelation
 E - 15 scrolls of poison
 K - 11 scrolls of immolation
 Z - 3 scrolls of butterflies
Potions
 a - 9 potions of lignification
 i - 6 potions of resistance
 m - 3 potions of attraction
 n - 3 potions of might
 p - 12 potions of enlightenment
 q - 12 potions of curing
 r - 2 potions of haste
 z - 7 potions of cancellation
 F - 9 potions of invisibility
 G - 10 potions of brilliance
 I - 8 potions of mutation
 L - 6 potions of berserk rage
 W - 7 potions of magic
Miscellaneous
 b - a condenser vane
 j - a sack of spiders
 D - a lightning rod (4/4)
 X - a phantom mirror
 Y - a figurine of a ziggurat


   Skills:
 O Level 27 Fighting
 O Level 27 Dodging
 O Level 27 Stealth
 O Level 27 Unarmed Combat
 - Level 14.0 Spellcasting
 + Level 17.8 Ice Magic
 O Level 27 Invocations
 - Level 17.3 Evocations
 O Level 27 Shapeshifting


You had 45 spell levels left.
You knew the following spells:

 Your Spells              Type           Power      Damage    Failure   Level
a - Polar Vortex          Ice            24%        12d3*     99%         9

Your spell library contained the following spells:

 Spells                   Type           Power      Damage    Failure   Level
 Freeze                   Ice            100%       1d10      0%          1
 Frozen Ramparts          Ice            98%        1d15      0%          3
 Ozocubu's Armour         Ice            49%        N/A       0%          3
 Ensorcelled Hibernation  Hex/Ice        56%        N/A       1%          2
 Hailstorm                Conj/Ice       28%        3d8       1%          3
 Summon Ice Beast         Ice/Summ       28%        N/A       1%          3
 Ozocubu's Refrigeration  Ice            24%        4d12      2%          7
 Metabolic Englaciation   Hex/Ice        14%        N/A       3%          5
 Apportation              Tloc           16%        N/A       4%          1
 Foxfire                  Conj/Fire      32%        2x1d5     4%          1
 Kiss of Death            Conj/Necr      32%        2d7       4%          1
 Magic Dart               Conj           32%        1d4       4%          1
 Necrotise                Necr           32%        1d5       4%          1
 Sandblast                Erth           16%        2d6       4%          1
 Shock                    Conj/Air       32%        1d5       4%          1
 Slow                     Hex            32%        N/A       4%          1
 Sting                    Conj/Alch      32%        1d5       4%          1
 Summon Small Mammal      Summ           32%        N/A       4%          1
 Blink                    Tloc           16%        N/A       8%          2
 Call Imp                 Summ           16%        N/A       8%          2
 Cigotuvi's Dreadful Rot  Necr/Alch/Air  16%        N/A       8%          2
 Jinxbite                 Hex            16%        N/A       8%          2
 Lesser Beckoning         Tloc           16%        N/A       8%          2
 Mercury Vapours          Alch/Air       16%        N/A       8%          2
 Momentum Strike          Conj/Tloc      16%        3d8       8%          2
 Scorch                   Fire           16%        2d5       8%          2
 Searing Ray              Conj           16%        2d5       8%          2
 Freezing Cloud           Conj/Ice/Air   10%        6-21      13%         5
 Call Canine Familiar     Summ           8%         N/A       16%         3
 Confusing Touch          Hex            8%         N/A       16%         3
 Dazzling Flash           Conj/Hex       16%        N/A       16%         3
 Fugue of the Fallen      Necr           8%         N/A       16%         3
 Gell's Gravitas          Tloc           8%         N/A       16%         3
 Inner Flame              Hex/Fire       8%         N/A       16%         3
 Mephitic Cloud           Conj/Alch/Air  8%         N/A       16%         3
 Passwall                 Erth           8%         N/A       16%         3
 Sigil of Binding         Hex            8%         N/A       16%         3
 Stone Arrow              Conj/Erth      16%        3d8       16%         3
 Swiftness                Air            8%         N/A       16%         3
 Teleport Other           Tloc           8%         N/A       16%         3
 Tukima's Dance           Hex            8%         N/A       16%         3
 Vampiric Draining        Necr           8%         2d6       16%         3
 Volatile Blastmotes      Fire/Tloc      16%        2d11      16%         3
 Sculpt Simulacrum        Ice/Alch       14%        N/A       22%         6
 Airstrike                Air            4%         2d(1-17)  50%         4
 Anguish                  Hex/Necr       4%         N/A       50%         4
 Animate Dead             Necr           8%         N/A       50%         4
 Brom's Barrelling Bould  Conj/Erth      8%         2d3       50%         4
 Cause Fear               Hex            4%         N/A       50%         4
 Dimensional Bullseye     Hex/Tloc       4%         N/A       50%         4
 Flame Wave               Conj/Fire      8%         2d5       50%         4
 Fulminant Prism          Conj/Alch      4%         3d5       50%         4
 Ignite Poison            Fire/Alch      8%         N/A       50%         4
 Iskenderun's Mystic Bla  Conj/Tloc      8%         2d4       50%         4
 Leda's Liquefaction      Alch/Erth      4%         N/A       50%         4
 Manifold Assault         Tloc           8%         N/A       50%         4
 Martyr's Knell           Necr/Summ      8%         N/A       50%         4
 Olgreb's Toxic Radiance  Alch           8%         N/A       50%         4
 Passage of Golubria      Tloc           8%         N/A       50%         4
 Petrify                  Alch/Erth      8%         N/A       50%         4
 Sticky Flame             Fire/Alch      8%         2d4       50%         4
 Summon Blazeheart Golem  Fire/Summ      8%         N/A       50%         4
 Summon Lightning Spire   Summ/Air       8%         N/A       50%         4
 Vhi's Electric Charge    Tloc/Air       16%        N/A       50%         4
 Alistair's Intoxication  Alch           5%         N/A       85%         5
 Arcjolt                  Conj/Air       4%         1d14      85%         5
 Borgnjor's Vile Clutch   Necr/Erth      4%         N/A       85%         5
 Curse of Agony           Necr           8%         N/A       85%         5
 Fireball                 Conj/Fire      4%         3d4       85%         5
 Irradiate                Conj/Alch      4%         3d13      85%         5
 Iskenderun's Battlesphe  Conj           8%         2d6       85%         5
 Lee's Rapid Deconstruct  Erth           4%         3d5*      85%         5
 Silence                  Hex/Air        4%         N/A       85%         5
 Summon Mana Viper        Hex/Summ       8%         N/A       85%         5
 Yara's Violent Unravell  Hex/Alch       4%         3d4       85%         5
 Bombard                  Conj/Erth      4%         9d2       100%        6
 Death Channel            Necr           4%         N/A       100%        6
 Dispersal                Tloc           4%         N/A       100%        6
 Plasma Beam              Fire/Air       4%         2x1d14    100%        6
 Starburst                Conj/Fire      4%         6d3       100%        6
 Summon Cactus Giant      Summ           4%         N/A       100%        6
 Enfeeble                 Hex            4%         N/A       100%        7
 Malign Gateway           Summ/Tloc      4%         N/A       100%        7
 Orb of Destruction       Conj           4%         9d5       100%        7
 Spellforged Servitor     Conj/Summ      4%         N/A       100%        7
 Ignition                 Fire           4%         3d4       100%        8
 Lehudib's Crystal Spear  Conj/Erth      4%         10d3      100%        8
 Maxwell's Capacitive Co  Air            4%         ∞         100%        8
 Death's Door             Necr           4%         N/A       100%        9
 Dragon's Call            Summ           4%         N/A       100%        9
 Sublimation of Blood     Necr           Unusable   N/A       N/A         2
 Animate Armour           Summ/Erth      Unusable   N/A       N/A         4

Dungeon Overview and Level Annotations

Branches:
Dungeon (15/15)            Temple (1/1) D:5            Lair (5/5) D:10
  Swamp (4/4) Lair:2        Snake (4/4) Lair:3        Slime (5/5) Lair:5
    Orc (2/2) D:12            Elf (3/3) Orc:2        Vaults (5/5) D:14
  Crypt (3/3) Vaults:3       Tomb (3/3) Crypt:3      Depths (4/4) D:15
   Hell (visited)             Dis (7/7) Hell            Geh (7/7) Hell
    Coc (7/7) Hell            Tar (7/7) Hell            Zot (5/5) Depths:4
  Sewer (visited)          WizLab (visited)

Altars:
Ashenzari
Cheibriados
Dithmenos
Elyvilon
Fedhas
Gozag
Hepliaklqana
Kikubaaqudgha
Makhleb
Nemelex Xobeh
Okawaru
Qazlal
Ru
Sif Muna
Trog
Uskayaw
Vehumet
Wu Jian
Xom
Yredelemnul
Zin
The Shining One
Jiyva

Shops:
D:4 =[   D:7 ?   D:12 (   Orc:2 =[*[   Elf:3 *   Snake:1 ([   Vaults:1 [
Vaults:2 [   Vaults:3 [   Depths:4 *

Portals:
Hell: Depths:1 Depths:2 Depths:3 Depths:4
Abyss: Depths:3
Pandemonium: Depths:1 Depths:2

Annotations:
D:6 1 runed translucent door, lordive's ghost, novice SpWr
D:8 1 runed translucent door, Gadfly's ghost, novice OnBe
D:11 4 transporters, exclusions: 4 tormentors and 7 more exclusions
Orc:1 3 runed translucent doors, globin's ghost, journeyman GrFi
Vaults:5 corrupted
Crypt:2 3 runed translucent doors
Tomb:1 corrupted
Dis:4 corrupted
Geh:6 corrupted
Geh:7 corrupted
Tar:7 corrupted
Zot:3 corrupted
Zot:5 corrupted


Innate Abilities, Weirdness & Mutations

You are a lightning-filled tempest!
Your electrical attacks strike out in all directions at once.
You are incredibly evasive.
Your insubstantial body is immune to petrification, constriction, and being set on fire You are flying.
Your armour is entirely melded.
You are incapable of wielding weapons or throwing items.
You cannot wear most types of armour.
You are amphibious.
You can wear up to eight rings at the same time.
You are immune to poison.
((Your skin changes colour to match your surroundings (Stealth+).))
((Your rubbery body absorbs attacks. (AC +1, EV +1)))
((You are camouflaged when in or above water. (Stealth+)))
((You have tentacles for arms and can constrict up to eight enemies at once.))
((Your flesh is heat resistant. (rF+)))
((Your system is resistant to poisons. (rPois)))
Your spells are a little easier to cast, but a little less powerful.


Message History

You see here a +0 club.
You see here 3 stones.
There is a stone staircase leading up here.
You fly upwards.
There is a stone staircase leading down here.
Okay, then.
A ynoxinul comes into view.
The ynoxinul bellows!
The ynoxinul gestures.
An Orb Guardian comes into view.
The Orb Guardian barely misses you.
You barely miss the Orb Guardian. The Orb Guardian hits you!
You buffet the Orb Guardian!
Lightning courses through the Orb Guardian!
You punch the Orb Guardian!
The Orb Guardian is heavily wounded.
The Orb Guardian completely misses you.
You blast the Orb Guardian!!!
You kill the Orb Guardian!
You barely miss the ynoxinul.
There is a fountain of clear blue water here.
The ynoxinul gestures.
The ynoxinul gestures at you. The iron shot misses you.
The ynoxinul gestures.
There is an open door here.
The ufetubus attacks as it pursues you! The ufetubus hits you.
The ufetubus completely misses you.
There is a staircase leading out of the dungeon here.
Casting: Polar Vortex (quite dangerous; 99% risk of failure)
Confirm with . or Enter, or press ? or * to list all spells.
Okay, then.
You are illuminated by a large divine halo.
You are a lightning-filled tempest!
You are flying.
You are glowing.
You are studying Ranged Weapons, Shields, Conjurations and Air Magic.
Your flying speed is average.
Your attack delay is about 0.5.
Your damage rating with unarmed combat is about 128 (Base [33 + 27 (UC)] x 147% (Str) x 145% (Fight)).
Your base attributes are Str 24, Int 15, Dex 12.
You block the ufetubus's attack. The ufetubus completely misses you. x3
You have escaped!

########### #.........#
#######
#.##.###..#####.....####
#.##.# #...............#
#.##.###.....555.⌠.###.#
#.##......##.5#5#..# #.#
##.####..#.##.3#v#..# #.#
#........#.##55###..# #.#
#.......(..##.⌠5..⌠.# #.#
#.######.####.......#
#.##### ..# #.# ###.#..##
#.....# ### #.#
####...#########.# ######.#
#..............#.#
#...##.###5###.########.#.#
###.#................#
#.#.#


You could see a ynoxinul and 8 ufetubi.

Vanquished Creatures
  Antaeus (Coc:7)
  Asmodeus (Geh:7)
  the Royal Jelly (Slime:5)
  Ereshkigal (Tar:7)
  the Serpent of Hell (Coc:7)
  Lom Lobon (Pan)
  9 orbs of fire
  6 dread liches
  Dispater (Dis:7)
  Tiamat (Zot:5)
  Frederick (Vaults:5)
  3 ancient liches
  7 pandemonium lords
  14 royal mummies
  3 Killer Klowns
  Bai Suzhen (Vaults:3)
  Vashnia (Snake:3)
  26 shard shrikes
  A Head Instructor (WizLab)
  Geryon (Hell)
  3 curse toes
  41 caustic shrikes
  14 golden dragons
  6 profane servitors
  Jory (Vaults:4)
  42 bone dragons
  4 electric golems
  A spectral shard shrike (Tar:6)
  A shard shrike zombie (Tomb:2)
  10 Tzitzimimeh
  13 doom hounds
  A walking crystal tome (Depths:4)
  7 hellephants
  15 Hell Sentinels
  16 Brimstone Fiends
  9 iron giants
  21 tentacled monstrosities
  Rupert (D:12)
  17 tainted leviathans
  8 liches
  25 Orb Guardians
  Grunn (Depths:3)
  13 Ice Fiends
  3 deep elf blademasters
  10 quicksilver dragons
  Asterion (Snake:3)
  15 searing wretches
  9 sphinxes
  11 acid blobs
  A deep elf master archer (Zig:3)
  17 titans
  16 death cobs
  2 thorn hunters
  17 ancient champions
  28 Executioners
  13 shadow dragons
  16 tentacled starspawn
  8 tengu reavers
  4 revenants
  9 rockslimes
  Donald (Elf:2)
  5 nagarajas
  Aizul (Snake:3)
  10 draconian monks
  23 storm dragons
  10 narguns
  9 draconian knights
  7 fenstrider witches
  15 quicksilver elementals
  7 draconian shifters
  13 azure jellies
  20 protean progenitors
  11 shard shrike simulacra
  11 frost giants
  13 vault wardens
  5 iron dragons
  12 demonspawn warmongers
  4 draconian scorchers
  4 curse skulls
  20 fire giants
  A caustic shrike zombie (Abyss:3)
  Louise (Swamp:4)
  4 ghouls
  3 deep elf elementalists (Elf:3)
  11 deep elf sorcerers (Elf:3)
  An angel (Abyss:3)
  43 balrugs
  2 orc warlords (Orc:2)
  A spectral caustic shrike (Tar:2)
  3 ghost moths
  8 draconian annihilators
  10 draconian stormcallers
  A formless jellyfish (Vaults:3)
  21 very ugly things
  5 quicksilver oozes (Slime:5)
  27 cacodemons
  18 reapers
  3 juggernaut skeletons (Pan)
  3 caustic shrike skeletons (Pan)
  9 demonspawn blood saints (Pan)
  27 elemental wellsprings
  9 stone giants
  6 ironbound thunderhulks
  16 ironbound preservers
  4 eleionomae
  11 demonspawn corrupters (Pan)
  11 lorocyprocas
  2 spectral titans (Tar:3)
  17 demonspawn black suns (Pan)
  13 vampire knights
  5 bunyips
  10 bennus
  2 deep elf demonologists (Elf:3)
  11 yellow draconians
  20 green draconians
  5 dire elephants
  6 deep elf annihilators
  20 war gargoyles
  9 putrid mouths
  9 white draconians
  8 deep elf death magi
  15 black draconians
  14 purple draconians
  5 red draconians
  The ghost of Tripartite the Severer, a journeyman OpFi of Okawaru (Lair:3)
  16 wendigos
  10 eidola
  18 iron golems
  15 mummy priests
  21 green deaths
  31 blizzard demons
  A merfolk javelineer (Depths:1)
  16 jiangshi
  A spectral quicksilver dragon (Tar:6)
  2 shambling mangroves
  17 yaktaur captains
  13 fire dragons
  18 ettins
  10 great orbs of eyes
  7 rakshasas
  5 deep elf high priests
  A quicksilver dragon zombie (Zig:13)
  2 spectral spriggans
  4 spriggan zombies
  Erolcha (D:12)
  6 juggernaut simulacra
  A sphinx zombie (Hell)
  11 caustic shrike simulacra
  7 spriggan air magi
  3 hell beasts (Pan)
  22 hydras
  Erica (D:11)
  2 peacekeepers
  17 ice dragons
  18 vault guards
  Harold (D:11)
  3 ogre magi
  21 centaur warriors
  A jorogumo (Pan)
  A catoblepas (Lair:4)
  12 alligators
  4 stokers
  10 anacondas
  13 salamander tyrants
  8 two-headed ogres
  8 boulder beetles
  10 ironbound frosthearts
  A merfolk aquamancer (Pan)
  12 tengu warriors
  A spectral stone giant (Tar:3)
  28 dancing weapons
  2 satyrs (Depths:4)
  6 death knights
  A spectral human (Tar:1)
  2 deep troll shamans
  56 hell hogs
  9 naga warriors
  4 death yaks
  5 vampire magi
  76 death scarabs
  A titan zombie (Tomb:1)
  9 thrashing horrors
  A bennu skeleton (Crypt:2)
  6 orc high priests
  5 deep troll earth magi
  5 occultists
  7 spriggan berserkers
  2 hell knights
  36 soul eaters
  20 deep elf knights
  14 naga sharpshooters
  4 spectral dire elephants
  94 sun demons
  13 demonic crawlers
  A storm dragon zombie (Hell)
  6 shock serpents
  25 wretched stars
  9 crystal echidnas
  A skyshark (Lair:4)
  A titan skeleton (Crypt:1)
  15 shadow wraiths
  3 iron trolls
  37 skeletal warriors
  5 spriggan druids
  5 goliath frogs
  3 hellephant skeletons (Pan)
  29 sixfirhies
  12 salamander mystics
  28 shadow demons
  2 spatial maelstroms
  2 anaconda zombies
  2 sea snakes (Snake:1)
  3 death drakes (Zig:12)
  30 deep trolls
  9 flayed ghosts
  13 glowing orange brains
  3 orb spiders (Zot:5)
  15 mana vipers
  A deep troll (shapeshifter) (Zig:1)
  6 arcanists
  8 bog bodies
  2 quicksilver dragon simulacra
  A spectral bunyip (Tar:1)
  2 spark wasp zombies (Hell)
  A sun moth (Pan)
  8 spriggan simulacra
  2 orange crystal statues
  2 obsidian statues (Zig:7)
  4 naga ritualists
  6 orc knights
  9 swamp dragons
  10 phantasmal warriors
  A fenstrider witch simulacrum (Coc:1)
  7 necromancers
  3 deep elf archers
  24 deep elf zephyrmancers
  A bunyip skeleton (Tomb:3)
  14 ironbound convokers
  34 deep elf pyromancers
  21 lindwurms
  7 shining eyes
  An alligator zombie (Hell)
  7 orc sorcerers
  2 iron dragon zombies (Hell)
  A frost giant zombie (Hell)
  61 ugly things
  A manticore (D:12)
  14 salamanders
  2 spectral centaurs (Tar:1)
  A fire giant zombie (Zig:7)
  9 will-o-the-wisps
  21 moths of wrath
  4 cyclopes
  5 apocalypse crabs
  A faun (shapeshifter) (Vaults:5)
  6 centaur zombies
  A meliai (D:13)
  3 worldbinders
  5 elephants (Lair:3)
  A stone giant skeleton (Abyss:2)
  8 rust devils
  A frost giant skeleton (Zig:7)
  9 guardian serpents
  43 black mambas
  7 kobold blastminers
  7 ice statues
  23 orange demons
  11 naga magi
  20 vault sentinels
  A gargoyle (D:14)
  52 smoke demons
  2 water nymphs (Depths:4)
  8 molten gargoyles
  27 hellions
  Joseph (Lair:1)
  3 eyes of devastation
  A centaur skeleton (Tomb:2)
  A mana viper zombie (Crypt:1)
  4 cane toads
  90 large abominations
  A rime drake (D:10)
  A hydra zombie (Hell)
  12 freezing wraiths
  4 iron giant simulacra
  2 naga skeletons
  2 unseen horrors
  7 anaconda simulacra
  A catoblepas skeleton (Crypt:1)
  A kobold demonologist (D:8)
  24 tormentors
  2 ice devils (Pan)
  3 bunyip simulacra (Coc:1)
  25 yaktaurs
  8 efreet
  A green draconian skeleton (Crypt:2)
  36 guardian mummies
  8 tengu conjurers
  3 spectral harpies
  7 komodo dragons
  Psyche (D:9)
  2 sea snake skeletons (Hell)
  A silent spectre (Tar:4)
  9 trolls
  8 red devils
  3 harpy zombies
  A spectral naga (Tar:1)
  2 wind drakes (shapeshifter)
  6 ancient zymes
  10 polar bears
  10 tyrant leeches
  A bloated husk (Swamp:2)
  16 hornets
  A queen bee (shapeshifter) (D:14)
  A troll (shapeshifter) (Abyss:3)
  18 wind drakes
  22 raiju
  Grinder (Sewer)
  3 iron dragon simulacra
  A harpy skeleton (Crypt:3)
  6 dream sheep
  40 hellwings
  A hydra skeleton (Hell)
  7 glass eyes
  13 blink frogs
  An alligator simulacrum (Hell)
  3 stone giant simulacra
  A slime creature (shapeshifter) (Vaults:5)
  A guardian serpent skeleton (Crypt:1)
  41 slime creatures
  31 ynoxinuls
  Sigmund (D:3)
  A human simulacrum (Coc:1)
  7 naga simulacra
  5 water elementals
  A fire dragon skeleton (Crypt:1)
  24 spriggans
  9 ushabtiu
  2 shadows (Crypt:3)
  4 wyverns
  2 centaur simulacra
  41 starcursed masses
  4 dire elephant simulacra
  40 yaks
  4 culicivoras
  8 fire bats
  21 small abominations
  A tarantella (shapeshifter) (Vaults:5)
  2 basilisks
  6 wraiths
  A spriggan skeleton (Zig:2)
  6 fire elementals
  6 golden eyes
  6 wargs
  8 vampire mosquitoes
  A steam dragon (D:9)
  2 humans (D:14)
  An alligator snapping turtle simulacrum (Coc:2)
  A redback (shapeshifter) (Abyss:3)
  13 chaos spawn
  11 neqoxecs
  6 spatial vortices
  39 nagas
  20 harpy simulacra
  5 acid dragons (Zig:12)
  2 glowing shapeshifter zombies
  14 swamp worms
  3 hydra simulacra
  6 hell hounds
  8 water moccasins
  7 swamp drakes
  5 ice beasts
  43 orc warriors
  A black mamba simulacrum (Crypt:1)
  3 ettin simulacra
  A merfolk simulacrum (Coc:1)
  40 laughing skulls
  3 black bears
  22 ogres
  8 boggarts
  5 centaurs
  29 wolves
  A blink frog skeleton (Crypt:2)
  6 elf zombies (Elf:1)
  8 kobold brigands
  2 brain worms (Abyss:3)
  7 weeping skulls
  3 earth elementals
  Blork the orc (D:4)
  8 necrophages
  A yaktaur zombie (Crypt:2)
  A scorpion (D:4)
  13 bullfrogs
  4 burial acolytes (Crypt:3)
  9 killer bees
  6 howler monkeys
  2 bombardier beetles (D:5)
  6 electric eels
  A jelly (Lair:5)
  4 quasits (Abyss:2)
  32 orc priests
  A gnoll bouda (D:6)
  2 hounds
  Crazy Yiuf (D:4)
  A sleepcap (D:6)
  A boggart zombie (Crypt:1)
  4 iguanas
  33 orc wizards
  5 hell rats (Lair:5)
  A boggart skeleton (Crypt:2)
  A crocodile zombie (Crypt:2)
  2 tengu zombies
  56 mummies
  A howler monkey zombie (Crypt:2)
  Robin (D:4)
  18 gnolls
  10 adders
  5 shadow imps
  3 white imps
  A ribbon worm zombie (Crypt:2)
  4 ufetubi
  An iguana zombie (Crypt:2)
  A dart slug (D:3)
  111 orcs
  2 ball pythons
  5 bats
  A bat zombie (Sewer)
  13 endoplasms
  8 giant cockroaches
  15 goblins
  16 hobgoblins
  A jackal (D:3)
  6 quokkas
  An endoplasm zombie (Crypt:1)
  A frilled lizard (D:1)
  39 kobolds
  2 kobold zombies (Sewer)
  6 rats
  4 aspiring fleshes
  A ball lightning (Pan)
  A creeping inferno (Geh:7)
  A fire vortex (Geh:6)
  A foxfire (Zig:10)
  A lurking horror (Abyss:3)
  A spectral weapon (Elf:3)
  6 starspawn tentacles
4300 creatures vanquished.

Vanquished Creatures (collateral kills)
  Mennas (Vaults:5)
  Sojobo (Depths:1)
  Nikola (Snake:1)
  An Ice Fiend (Coc:7)
  Gastronok (Lair:2)
  2 tengu reavers
  The ghost of Matygoc the Slicer, an adept HaSk of Okawaru (Swamp:3)
  A nagaraja (Snake:3)
  An orc warlord (Orc:2)
  An ironbound thunderhulk (Vaults:1)
  A bennu (Tomb:3)
  4 mummy priests
  A fire dragon (Depths:1)
  An ice dragon (Coc:7)
  2 hydras
  A salamander tyrant (Snake:4)
  2 death knights (D:11)
  A naga warrior (Snake:3)
  3 death scarabs (Tomb:3)
  Amaemon (Lair:2)
  A skeletal warrior (Tomb:2)
  A salamander mystic (Snake:4)
  A goliath frog (Swamp:3)
  A will-o-the-wisp (Swamp:3)
  3 black mambas
  An orange demon (Lair:2)
  A gargoyle (D:13)
  A tengu conjurer (Depths:4)
  6 guardian mummies
  A troll (D:12)
  A hornet (Lair:3)
  3 blink frogs (Lair:1)
  2 slime creatures (D:12)
  2 spriggans (Lair:3)
  4 ushabtiu (Tomb:2)
  A naga (Snake:2)
  2 orc warriors (Orc:2)
  2 water moccasins (Lair:2)
  A black bear (Lair:3)
  A boggart (Lair:3)
  An ogre (Orc:2)
  A gnoll sergeant (D:12)
  An orc priest (Orc:2)
  5 mummies
  2 orcs (Orc:2)
  3 kobolds (D:8)
77 creatures vanquished.

Vanquished Creatures (others)
  Cerebov (Pan)
  Mnoleg (Pan)
  3 pandemonium lords (Pan)
  A shard shrike (Coc:7)
  4 caustic shrikes (Dis:4)
  A bone dragon (Tar:7)
  6 Tzitzimimeh
  3 Brimstone Fiends
  3 tentacled monstrosities
  2 tainted leviathans (Tar:7)
  2 Ice Fiends (Pan)
  A titan (Pan)
  3 ancient champions
  5 Executioners
  2 eldritch tentacles (Pan)
  A storm dragon (Zot:3)
  2 shadow dragons (Vaults:5)
  2 fire giants (Geh:7)
  A protean progenitor (Pan)
  4 demonspawn warmongers (Pan)
  6 balrugs
  3 draconian scorchers
  4 draconian annihilators
  A draconian stormcaller (Zot:5)
  2 shard shrike simulacra
  An ironbound preserver (Vaults:5)
  8 cacodemons (Pan)
  3 reapers (Pan)
  2 broodmothers (Pan)
  A green draconian (Zot:3)
  2 demonspawn corrupters (Pan)
  2 demonspawn blood saints (Pan)
  4 demonspawn black suns (Pan)
  2 lorocyprocas
  A putrid mouth (Tar:7)
  2 yellow draconians (Zot:3)
  A war gargoyle (Dis:4)
  2 bennus (Tomb:1)
  A spectral titan (Tar:7)
  2 purple draconians (Zot:3)
  2 eidola (Tar:7)
  3 red draconians
  A white draconian (Zot:3)
  2 ettins
  3 blizzard demons (Pan)
  8 mummy priests
  A yaktaur captain (Vaults:5)
  A stoker (Geh:7)
  12 vault guards (Vaults:5)
  A hell beast (Zig:9)
  7 salamander tyrants (Geh:7)
  A spriggan air mage (Pan)
  A juggernaut simulacrum (Coc:7)
  A jorogumo (Pan)
  2 radroaches (Pan)
  A boulder beetle (Zot:3)
  15 sun demons (Pan)
  3 deep elf knights
  6 soul eaters (Pan)
  2 shadow wraiths (Tar:7)
  2 sixfirhies (Pan)
  2 sun moths (Pan)
  A quicksilver dragon simulacrum (Coc:5)
  An obsidian statue (Zot:5)
  3 spriggan simulacra
  A deep troll (Vaults:5)
  4 shadow demons
  10 large abominations (Pan)
  A phantasmal warrior (Vaults:5)
  7 moths of wrath
  A vault sentinel (Vaults:5)
  6 molten gargoyles (Geh:7)
  3 titan simulacra
  4 orange demons (Pan)
  4 smoke demons (Pan)
  3 yaktaurs (Vaults:5)
  6 tormentors (Pan)
  An efreet (Pan)
  5 hellions
  A bunyip simulacrum (Coc:2)
  2 ice devils (Pan)
  2 guardian mummies (Zig:13)
  A red devil (Pan)
  A silent spectre (Tar:7)
  A bloated husk (Swamp:3)
  3 slime creatures (Pan)
  5 ynoxinuls (Pan)
  2 dire elephant simulacra
  An ushabti (Tomb:1)
  8 neqoxecs
  5 chaos spawn (Pan)
  A spatial vortex (Pan)
  3 harpy simulacra
  3 hydra simulacra
  2 laughing skulls (Crypt:3)
  A kobold brigand (Abyss:2)
  9 mummies
  2 orcs
  16 ball lightnings (Pan)
  2 creeping infernos (Geh:7)
  8 fire vortices
  61 foxfires
  3 lurking horrors
  163 starspawn tentacles
542 creatures vanquished.

Grand Total: 4919 creatures vanquished

Notes
Turn   | Place    | Note
-------+----------+-------------------------------------------
     0 | D:1      | rodbeard the Octopode Shapeshifter began the quest for the
                  | Orb.
     0 | D:1      | Reached XP level 1. HP: 13/13 MP: 1/1
   183 | D:1      | Reached XP level 2. HP: 18/18 MP: 2/2
   665 | D:2      | Reached skill level 1 in Stealth
   665 | D:2      | Reached XP level 3. HP: 21/23 MP: 3/3
  1271 | D:2      | Reached XP level 4. HP: 20/29 MP: 4/4
  1660 | D:3      | Noticed an ice beast
  1669 | D:3      | Killed an ice beast
  1670 | D:3      | Reached XP level 5. HP: 24/35 MP: 5/5
  2012 | D:3      | Found a burning altar of Makhleb.
  2012 | D:3      | Found a basalt altar of Yredelemnul.
  2102 | D:3      | Noticed Sigmund
  2189 | D:3      | Became a worshipper of Makhleb the Destroyer
  2266 | D:3      | Killed Sigmund
  2267 | D:3      | Reached XP level 6. HP: 23/42 MP: 6/6
  2454 | D:4      | Noticed Robin
  2521 | D:4      | Reached skill level 1 in Invocations
  2527 | D:4      | Gained mutation: You are partially covered in iridescent
                  | scales. (AC +2) [potion of mutation]
  2527 | D:4      | Gained mutation: You are strong-willed. (Will+) [potion of
                  | mutation]
  2577 | D:4      | Reached XP level 7. HP: 41/46 MP: 7/7
  2647 | D:4      | Found Ycetof's One-of-a-Kind Rings.
  2720 | D:4      | Found a glowing drain.
  2743 | Sewer    | Entered a sewer
  2762 | Sewer    | Reached * piety under Makhleb
  2884 | Sewer    | Found an ancient bone altar of Kikubaaqudgha.
  3066 | Sewer    | Identified the +5 short sword "Him Cism" {holy, rElec}
  3094 | Sewer    | Noticed Grinder
  3110 | Sewer    | Killed Grinder
  3111 | Sewer    | Reached XP level 8. HP: 29/54 MP: 9/9
  3291 | D:4      | Noticed Blork the orc
  3309 | D:4      | Killed Blork the orc
  3310 | D:4      | Reached skill level 5 in Unarmed Combat
  3519 | D:4      | Reached ** piety under Makhleb
  3534 | D:4      | Killed Robin
  4073 | D:4      | Found Seump's Armour Boutique.
  4118 | D:4      | Found a runed translucent door.
  4119 | D:4      | Noticed Crazy Yiuf
  4276 | D:4      | Reached skill level 5 in Shapeshifting
  4495 | D:4      | Killed Crazy Yiuf
  4496 | D:4      | Reached skill level 5 in Dodging
  4622 | D:4      | Bought a +3 ring of evasion for 100 gold pieces
  4641 | D:5      | Entered Level 5 of the Dungeon
  4661 | D:5      | Found a staircase to the Ecumenical Temple.
  4813 | D:5      | Reached skill level 5 in Stealth
  4842 | D:5      | Reached XP level 9. HP: 10/60 MP: 11/11
  5075 | D:5      | Reached *** piety under Makhleb
  5077 | D:5      | Noticed a hellwing
  5194 | D:5      | Reached skill level 5 in Fighting
  6108 | D:6      | Found a runed translucent door.
  6320 | D:6      | Noticed lordive's ghost (novice SpWr)
  6695 | D:7      | Found a shadowy altar of Dithmenos.
  6803 | D:7      | Found Samug's Magic Scroll Shoppe.
  6809 | D:7      | Bought a scroll of fear for 48 gold pieces
  7128 | D:7      | Found a bloodstained altar of Trog.
  7258 | D:7      | Found a hazy altar of Hepliaklqana.
  7570 | D:8      | Reached XP level 10. HP: 52/68 MP: 8/13
  7638 | D:8      | Noticed a kobold demonologist
  7642 | D:8      | Noticed an orange demon
  7649 | D:8      | Killed a kobold demonologist
  7858 | D:8      | Found a runed translucent door.
  7860 | D:8      | Noticed Gadfly's ghost (novice OnBe)
  8957 | D:9      | Reached **** piety under Makhleb
  9169 | D:9      | Found a radiant altar of Vehumet.
  9175 | D:9      | Noticed Psyche
  9185 | D:9      | Killed Psyche
  9186 | D:9      | Reached skill level 5 in Invocations
  9478 | D:9      | Found a stormy altar of Qazlal.
  9496 | D:10     | Entered Level 10 of the Dungeon
  9551 | D:10     | Found a sacrificial altar of Ru.
  9633 | D:10     | Found a staircase to the Lair.
  9827 | D:10     | Reached XP level 11. HP: 43/74 MP: 7/15
 10016 | D:10     | Found a portal to a secret trove of treasure.
 10100 | D:10     | Found a shimmering blue altar of Sif Muna.
 10282 | D:10     | Noticed a two-headed ogre
 10292 | D:10     | Killed a two-headed ogre
 10645 | Lair:1   | Entered Level 1 of the Lair of Beasts
 11099 | Lair:1   | Noticed a boulder beetle
 11109 | Lair:1   | Killed a boulder beetle
 11322 | Lair:1   | Noticed Joseph
 11332 | Lair:1   | Killed Joseph
 11617 | D:7      | Bought a scroll of fog for 48 gold pieces
 11617 | D:7      | Bought 2 scrolls of identify for 48 gold pieces
 11617 | D:7      | Bought a scroll of fear for 48 gold pieces
 11741 | Lair:2   | Noticed Amaemon
 11748 | Lair:2   | Reached XP level 12. HP: 65/82 MP: 12/16
 11751 | Lair:2   | Killed Amaemon
 12151 | Lair:2   | Found a staircase to the Swamp.
 12501 | Lair:2   | Reached ***** piety under Makhleb
 12750 | Lair:2   | Noticed Gastronok
 12763 | Lair:2   | Killed Gastronok
 13218 | Lair:3   | Found a staircase to the Snake Pit.
 13220 | Lair:3   | Noticed a death yak
 13220 | Lair:3   | Noticed a death yak
 13221 | Lair:3   | Noticed a death yak
 13221 | Lair:3   | Noticed a death yak
 13239 | Lair:3   | Killed a death yak
 13556 | D:11     | Noticed a death knight
 13557 | D:11     | Noticed Erica
 13557 | D:11     | Noticed a death knight
 13732 | D:11     | Found a transporter.
 13734 | D:11     | Found a transporter.
 13918 | D:11     | Noticed a death knight
 13923 | D:11     | Killed Erica
 13929 | D:11     | Killed a death knight
 14180 | D:11     | Reached skill level 10 in Dodging
 14180 | D:11     | Reached skill level 10 in Shapeshifting
 14186 | D:11     | Killed a death knight
 14208 | D:11     | Noticed a death knight
 14573 | D:11     | Noticed Harold
 14588 | D:11     | Killed Harold
 14589 | D:11     | Reached XP level 13. HP: 78/90 MP: 15/18
 14765 | D:11     | Found a transporter.
 14813 | D:11     | Found a transporter.
 15317 | D:12     | Noticed Erolcha
 15446 | D:12     | Found a staircase to the Orcish Mines.
 15473 | D:12     | Reached skill level 10 in Unarmed Combat
 15556 | D:12     | Found Koneolao's Weapon Shoppe.
 15626 | D:12     | Noticed Rupert
 15638 | D:12     | Killed Rupert
 15725 | D:12     | Killed Erolcha
 16529 | D:4      | Bought the ring of Equilibrium {Will+ AC+4 Str+3} for 549
                  | gold pieces
 16740 | Orc:1    | Entered Level 1 of the Orcish Mines
 16813 | Orc:1    | Reached skill level 10 in Fighting
 17203 | Orc:1    | Found a runed translucent gate.
 17203 | Orc:1    | Found a runed translucent gate.
 17204 | Orc:1    | Found a runed translucent gate.
 17210 | Orc:1    | Noticed a minotaur
 17210 | Orc:1    | Noticed globin's ghost (journeyman GrFi)
 17296 | Orc:1    | Found an iron altar of Okawaru.
 17325 | Orc:2    | Entered Level 2 of the Orcish Mines
 17723 | Orc:2    | Reached XP level 14. HP: 89/99 MP: 16/20
 18148 | Orc:2    | Found Buch's Antique Armour Emporium.
 18159 | Orc:2    | Found Ewun's Jewellery Shoppe.
 18543 | Orc:2    | Noticed an orc warlord
 18549 | Orc:2    | Killed an orc warlord
 18734 | Orc:2    | Noticed an orc warlord
 18741 | Orc:2    | Killed an orc warlord
 18884 | Orc:2    | Reached ****** piety under Makhleb
 18976 | Orc:2    | Found a staircase to the Elven Halls.
 19030 | Orc:2    | Found Tuid's General Store.
 19050 | Orc:2    | Found Jybbyere's Armour Emporium.
 19335 | Orc:2    | Noticed an orc warlord
 19395 | Orc:2    | Killed an orc warlord
 19705 | Orc:2    | Reached skill level 10 in Invocations
 20073 | Lair:3   | Noticed Tripartite's ghost (journeyman OpFi)
 20073 | Lair:3   | Found a runed translucent door.
 20151 | Lair:3   | Identified the +5 trident "Spiderslayer" {freeze, Str+2}
 21089 | Lair:3   | Killed Tripartite's ghost
 21099 | Lair:3   | Reached XP level 15. HP: 50/106 MP: 9/22
 22167 | Lair:5   | Entered Level 5 of the Lair of Beasts
 22238 | Lair:5   | Found a viscous altar of Jiyva.
 22239 | Lair:5   | Found a staircase to the Slime Pits.
 23602 | Snake:1  | Entered Level 1 of the Snake Pit
 23846 | Snake:1  | Noticed Nikola
 23855 | Snake:1  | Killed Nikola
 24188 | Snake:1  | Noticed a nagaraja
 24435 | Snake:1  | Found Ojeuskup's Weapon Shop.
 24475 | Snake:1  | Reached XP level 16. HP: 81/114 MP: 18/24
 24476 | Snake:1  | Found Achiasin's Antique Armour Boutique.
 24858 | Snake:1  | Killed a nagaraja
 25050 | Snake:1  | You are sucked into a shaft and drop 1 floor!
 26591 | Snake:3  | Noticed Asterion
 26604 | Snake:3  | Killed Asterion
 27517 | Snake:3  | Identified the serpent talisman of the Armadillo {*Corrode
                  | rF+ rN+ Dex+4}
 27517 | Snake:3  | Noticed Aizul
 27529 | Snake:3  | Killed Aizul
 27530 | Snake:3  | Reached skill level 10 in Stealth
 27689 | Snake:3  | Noticed a nagaraja
 27693 | Snake:3  | Noticed a nagaraja
 27703 | Snake:3  | Noticed Vashnia
 28283 | Snake:3  | Killed Vashnia
 28541 | Snake:3  | Killed a nagaraja
 28549 | Snake:3  | Reached skill level 15 in Shapeshifting
 28650 | Snake:3  | Reached XP level 17. HP: 122/122 MP: 24/26
 28923 | Snake:4  | Entered Level 4 of the Snake Pit
 30559 | Snake:4  | Identified the +2 ring mail of the Hills {rF+}
 31300 | Snake:4  | Got a serpentine rune of Zot
 31533 | Swamp:1  | Entered Level 1 of the Swamp
 32376 | Swamp:2  | Reached XP level 18. HP: 131/131 MP: 25/27
 32817 | Swamp:3  | Found a runed translucent gate.
 32819 | Swamp:3  | Found a runed translucent gate.
 33000 | Swamp:3  | Found a runed translucent gate.
 33470 | Swamp:3  | Noticed Matygoc's ghost (adept HaSk)
 33498 | Swamp:3  | Killed Matygoc's ghost
 33544 | Swamp:4  | Entered Level 4 of the Swamp
 33644 | Swamp:4  | Noticed Louise
 33742 | Swamp:4  | Reached skill level 15 in Dodging
 33932 | Swamp:4  | Killed Louise
 34187 | Swamp:4  | Got a decaying rune of Zot
 34641 | D:4      | Bought a +7 ring of slaying for 1726 gold pieces
 35147 | D:13     | Found the +3 pair of seven-league boots {Rampage+∞}
 35859 | D:14     | Reached skill level 15 in Unarmed Combat
 35994 | D:14     | Reached XP level 19. HP: 138/138 MP: 29/29
 36049 | D:14     | Found a gate to the Vaults.
 36276 | D:15     | Entered Level 15 of the Dungeon
 36342 | D:15     | Reached skill level 15 in Fighting
 36381 | D:15     | Found a staircase to the Depths.
 36740 | D:15     | Identified the +1 leather armour "Guov" {Will+}
 36746 | D:15     | Found a sacrificial altar of Ru.
 37111 | Vaults:1 | Entered Level 1 of the Vaults
 37601 | Vaults:1 | Found Amu Jepi's Armour Shoppe.
 38538 | Vaults:2 | Found the +8 orange crystal plate armour {Archmagi, Int+3
                  | Clar}
 38583 | Vaults:2 | Found a magical portal.
 38588 | WizLab   | Entered Yara's Duelist Academy
 38631 | WizLab   | Reached skill level 15 in Invocations
 38786 | WizLab   | Noticed Lontir
 38800 | WizLab   | Killed Lontir the Head Instructor
 38821 | WizLab   | Reached XP level 20. HP: 103/147 MP: 4/31
 39130 | WizLab   | Found the +5 demon whip "Spellbinder" {antimagic, disrupt,
                  | Will+}
 39511 | Vaults:2 | Found a gateway to a bazaar.
 39522 | Bazaar   | Entered a bazaar
 39522 | Bazaar   | Found Celaurch's Antique Weapon Shop.
 39522 | Bazaar   | Found Amealoir's General Store.
 39658 | Bazaar   | Found Veppeatoh's Antique Armour Shop.
 40350 | Vaults:2 | Found Astraost's Armour Boutique.
 40872 | Vaults:3 | Paralysed by a formless jellyfish for 1 turns
 41707 | Vaults:3 | Found a staircase to the Crypt.
 41875 | Vaults:3 | Found Tocexarr's Antique Armour Emporium.
 41988 | Vaults:4 | Noticed Jory
 41999 | Vaults:4 | Killed Jory
 43251 | Vaults:4 | Reached XP level 21. HP: 154/154 MP: 33/33
 43942 | Depths:1 | Entered Level 1 of the Depths
 43954 | Depths:1 | Noticed Sojobo
 43988 | Depths:1 | Killed Sojobo
 44313 | Depths:1 | You are sucked into a shaft and drop 1 floor!
 44543 | Depths:1 | Noticed a dread lich
 44543 | Depths:1 | Noticed a dread lich
 44552 | Depths:1 | Found a one-way gateway to a ziggurat.
 44928 | Depths:1 | Killed a dread lich
 44932 | Depths:1 | Killed a dread lich
 45035 | Depths:1 | Found a one-way gate leading to the halls of Pandemonium.
 45311 | Depths:1 | Found a gateway to Hell.
 47023 | Depths:3 | Reached XP level 22. HP: 163/163 MP: 34/34
 47295 | Depths:3 | Found a one-way gate to the infinite horrors of the Abyss.
 47428 | Depths:3 | Noticed Grunn
 47437 | Depths:3 | Killed Grunn
 47862 | Depths:4 | Entered Level 4 of the Depths
 47926 | Depths:4 | Found a gate to the Realm of Zot.
 47926 | Depths:4 | Noticed a golden dragon
 47926 | Depths:4 | Noticed a golden dragon
 47929 | Depths:4 | Killed a golden dragon
 47940 | Depths:4 | Killed a golden dragon
 48973 | Depths:4 | Found Ruots's Orb Outfitters.
 49272 | Depths:3 | Voluntarily entered the Abyss.
 49293 | Abyss:1  | Found a corrupted altar of Lugonu.
 49296 | Abyss:1  | Found a corrupted altar of Lugonu.
 49296 | Abyss:1  | Found a corrupted altar of Lugonu.
 49303 | Abyss:1  | Fell from the grace of Makhleb
 49303 | Abyss:1  | Became a worshipper of Lugonu the Unformed
 49303 | Abyss:1  | Reached * piety under Lugonu
 49303 | Abyss:1  | Reached ** piety under Lugonu
 49623 | Abyss:2  | Found a corrupted altar of Lugonu.
 49646 | Abyss:2  | Reached XP level 23. HP: 171/171 MP: 35/35
 49905 | Abyss:2  | Found a corrupted altar of Lugonu.
 50104 | Abyss:2  | Found a corrupted altar of Lugonu.
 50251 | Abyss:2  | Found a corrupted altar of Lugonu.
 50261 | Depths:3 | Escaped the Abyss
 50507 | Elf:1    | Entered Level 1 of the Elven Halls
 50546 | Elf:1    | Found a flickering gateway to a bazaar.
 50563 | Bazaar   | Entered a bazaar
 50563 | Bazaar   | Found Danecsep's Distillery.
 50563 | Bazaar   | Found Kaizy's Armour Shop.
 50563 | Bazaar   | Found Ugoulur's Antique Weapon Shoppe.
 50563 | Bazaar   | Found Durezugu's General Store.
 50565 | Bazaar   | Found Samneho's Magic Scroll Boutique.
 50604 | Bazaar   | Bought a potion of ambrosia for 88 gold pieces
 50604 | Bazaar   | Bought a potion of mutation for 88 gold pieces
 50604 | Bazaar   | Bought a potion of heal wounds for 55 gold pieces
 50604 | Bazaar   | Bought a potion of curing for 33 gold pieces
 50604 | Bazaar   | Bought a potion of haste for 110 gold pieces
 50604 | Bazaar   | Bought a potion of curing for 33 gold pieces
 50604 | Bazaar   | Bought a potion of mutation for 88 gold pieces
 50604 | Bazaar   | Bought 2 potions of cancellation for 176 gold pieces
 50610 | Bazaar   | Bought a scroll of blinking for 67 gold pieces
 50610 | Bazaar   | Bought a scroll of teleportation for 27 gold pieces
 51021 | Elf:1    | Got Kikubaaqudgha's Monograph on Shades
 51238 | Elf:1    | Got the Information on Violence
 51545 | Elf:1    | Reached *** piety under Lugonu
 51717 | Elf:2    | Found a runed translucent gate.
 51717 | Elf:2    | Found a runed translucent gate.
 51718 | Elf:2    | Found a runed translucent gate.
 52359 | Elf:2    | Reached **** piety under Lugonu
 52856 | Elf:2    | Noticed Donald
 52878 | Elf:2    | Killed Donald
 53451 | Elf:3    | Entered Level 3 of the Elven Halls
 53670 | Elf:3    | Found Horeagoq's General Store.
 53692 | Elf:3    | Bought a scroll of butterflies for 64 gold pieces
 54090 | Elf:2    | Found an ancient bone altar of Kikubaaqudgha.
 54468 | Elf:3    | Identified the +1 robe "Nura Ixo" {Str+2}
 54544 | Elf:3    | Identified the +7 ring mail "Alucuc Fuecw" {Rampage Dex+2}
 54544 | Elf:3    | Identified the ring of Udeqip {Will+ MP+9 Dex+5}
 54566 | Elf:3    | Reached XP level 24. HP: 179/179 MP: 36/36
 54612 | Elf:3    | Reached ***** piety under Lugonu
 54989 | Elf:3    | Identified the +5 trident of Slimy Valour {spect, rN++
                  | MP+9}
 54989 | Elf:3    | Identified the ring "Votzyf" {rF+ EV+5}
 55146 | Elf:3    | Got the Tome of Striking
 55151 | Elf:3    | Got the Elucidation of Destined Glaciation
 55198 | Elf:3    | Found the +3 Elemental Staff {ele, rElec rF+ rC+ AC+3}
 55845 | Hell     | Entered the Vestibule of Hell
 55845 | Hell     | Noticed Geryon
 56071 | Depths:3 | Was forgiven by Makhleb
 56438 | Crypt:1  | Entered Level 1 of the Crypt
 56446 | Crypt:1  | Noticed Bai Suzhen
 56463 | Vaults:3 | Killed Bai Suzhen
 57759 | Crypt:2  | Found a runed translucent gate.
 57760 | Crypt:2  | Found a runed translucent gate.
 57761 | Crypt:2  | Found a runed translucent gate.
 58615 | Crypt:2  | Reached ****** piety under Lugonu
 58869 | Crypt:3  | Entered Level 3 of the Crypt
 59027 | Crypt:3  | Found the macabre finger necklace {Finger+ rN+}
 59131 | Crypt:3  | Found a basalt altar of Yredelemnul.
 59428 | Crypt:3  | Identified the ring "Gug Ket" {+Blink rN+ SInv}
 59489 | Crypt:3  | Identified the ring "Etasal" {rPois rN+ Will- Dex+3}
 59805 | Crypt:3  | Identified the amulet of Byrphunis {Reflect ^Drain rF+
                  | rCorr SH+5}
 59977 | Crypt:3  | Found a staircase to the Tomb.
 60163 | Crypt:3  | Reached skill level 1 in Evocations
 60176 | Crypt:3  | Identified the +1 flail "Grim" {freeze, rPois rC+}
 60225 | Crypt:3  | Reached XP level 25. HP: 185/185 MP: 36/36
 60246 | Crypt:3  | Found the +7 sceptre of Torment {pain, torment}
 60269 | Crypt:3  | Identified the +9 mace "Nemuc" {flame, rCorr Str+2 Int-5
                  | SInv}
 60680 | Depths:3 | Voluntarily entered the Abyss.
 60680 | Abyss:2  | Found a corrupted altar of Lugonu.
 60688 | Abyss:2  | Gained mutation: You are weak. (Str -2) [a cacodemon]
 60893 | Abyss:2  | Found a corrupted altar of Lugonu.
 60975 | Abyss:3  | Got an abyssal rune of Zot
 60976 | Depths:3 | Escaped the Abyss
 61144 | D:10     | You showed the abyssal rune of Zot to enter a treasure
                  | trove
 61145 | Trove    | Entered a treasure trove
 61219 | Trove    | Reached XP level 26. HP: 191/191 MP: 36/36
 61465 | Vaults:5 | Entered Level 5 of the Vaults
 61466 | Vaults:5 | Corrupted Vaults:5
 61707 | Vaults:4 | Reached skill level 5 in Evocations
 61917 | Vaults:5 | Noticed Mennas
 62410 | Vaults:5 | Identified the +11 broad axe of Wyrd {spect, Fly Stlth+}
 62569 | Vaults:5 | Got a silver rune of Zot
 62624 | Vaults:5 | Killed Mennas
 62637 | Vaults:5 | Identified the +9 orcbow "Innon" {speed, rPois rC+}
 62705 | Vaults:5 | Identified the +5 hand axe "Orb Guardian's Death" {venom,
                  | Will+ Dex+2}
 62878 | Vaults:5 | Identified the +0 short sword of Puotz {pain, rF+ rC+
                  | Str-4}
 63173 | Vaults:5 | Got the Opusculum on Ensorcelling and the Volcano
 63200 | Vaults:5 | Identified the orb of the Maze {*channel, Regen+ rCorr
                  | MP+9}
 63200 | Vaults:5 | Noticed Frederick
 63209 | Vaults:5 | Killed Frederick
 63392 | Vaults:5 | Identified the +6 orcbow of Red Wine {freeze, *Corrode rF+
                  | Int-2 Dex+4}
 63857 | D:4      | Bought a +6 ring of protection for 780 gold pieces
 64077 | Slime:1  | Entered Level 1 of the Pits of Slime
 64208 | Slime:5  | Entered Level 5 of the Pits of Slime
 64323 | Slime:5  | Noticed the Royal Jelly
 64334 | Slime:5  | Killed the Royal Jelly
 64628 | Slime:5  | Found the +5 glaive of the Guard {elec, spectral}
 64723 | Slime:5  | Identified the amulet of Goasunko {Spirit +Inv rElec rF-
                  | rN++}
 64736 | Slime:5  | Got Sif Muna's Opusculum on the Enchanted Impact
 64787 | Slime:5  | Gained mutation: You are clumsy. (Dex -2) [a shining eye]
 64890 | Slime:5  | Reached XP level 27. HP: 199/199 MP: 36/36
 64895 | Slime:5  | Gained mutation: You are very weak. (Str -4) [a shining
                  | eye]
 64907 | Slime:5  | Got a slimy rune of Zot
 64943 | Slime:5  | Identified the amulet of Hedonism {Acrobat rElec rCorr
                  | Str+3}
 64963 | Slime:5  | Identified the +9 plate armour "Kiemmut" {MP+9 Stlth+}
 65817 | Orc:2    | Bought a ring of protection from cold for 325 gold pieces
 66515 | Pan      | Entered Pandemonium
 66800 | Pan      | Gained mutation: You sometimes lose your temper in combat.
                  | [a cacodemon]
 66847 | Pan      | Found an exit through the horrors of the Abyss.
 67278 | Pan      | Lost mutation: You are clumsy. (Dex -2) [potion of
                  | mutation]
 67278 | Pan      | Lost mutation: You are very weak. (Str -4) [potion of
                  | mutation]
 67278 | Pan      | Lost mutation: You are partially covered in iridescent
                  | scales. (AC +2) [potion of mutation]
 67278 | Pan      | Gained mutation: You are agile. (Dex +4, Str/Int -1)
                  | [potion of mutation]
 67279 | Pan      | Lost mutation: You are weak. (Str -2) [potion of mutation]
 67279 | Pan      | Lost mutation: You sometimes lose your temper in combat.
                  | [potion of mutation]
 67279 | Pan      | Lost mutation: You are agile. (Dex +4, Str/Int -1) [potion
                  | of mutation]
 67279 | Pan      | Gained mutation: You are somewhat resistant to further
                  | mutation. [potion of mutation]
 67929 | Pan      | Entered the realm of Lom Lobon.
 67962 | Pan      | Identified the +0 robe of the Orb {rF+ Regen+ Int+2}
 68267 | Pan      | Noticed Lom Lobon
 69179 | Pan      | Corrupted Pan
 69212 | Pan      | Killed Lom Lobon
 69223 | Pan      | Got a magical rune of Zot
 69341 | Pan      | Entered the realm of Mnoleg.
 69639 | Pan      | Identified the +1 leather armour of the Armoured One {rC+
                  | Str+2}
 69931 | Pan      | Corrupted Pan
 69936 | Pan      | Reached skill level 10 in Evocations
 69957 | Pan      | Noticed Mnoleg
 69998 | Pan      | Got a glowing rune of Zot
 70179 | Pan      | Noticed Kahuede the pandemonium lord
 70188 | Pan      | Entered the realm of Cerebov.
 70661 | Pan      | Identified the amulet of Day {Spirit rPois Regen+}
 70695 | Pan      | Identified the +1 robe of Bitterness {rPois rC+ Int+3}
 70699 | Pan      | Found the +6 sword of Cerebov {flame}
 70699 | Pan      | Noticed Cerebov
 70701 | Pan      | Corrupted Pan
 70734 | Pan      | Killed Cerebov
 70828 | Pan      | Got the Guidebook on the Fairies and the Catalyst
 70830 | Pan      | Identified the +7 quarterstaff of Grontol {pain, Fly rN+++
                  | Str-3 SInv}
 70881 | Pan      | Got a fiery rune of Zot
 70889 | Pan      | Identified the ring "Eclym" {Will+ Dex+6}
 70890 | Pan      | Identified the amulet of Kakhlaill {Spirit Rampage rC++
                  | MP+9 Str-5}
 71017 | Pan      | Identified the +4 shadow dragon scales "Bumyuxt" {rC+
                  | Regen+ Str+3 Stlth++++}
 71327 | Pan      | Noticed Cumauh the pandemonium lord
 71341 | Pan      | Killed Cumauh the pandemonium lord
 71349 | Pan      | Entered the realm of Gloorx Vloq.
 71846 | Pan      | Noticed Gloorx Vloq
 71847 | Pan      | Corrupted Pan
 71847 | Pan      | Noticed an ancient lich
 71907 | Pan      | Got a dark rune of Zot
 71911 | Pan      | Noticed an ancient lich
 72074 | Pan      | Found an exit through the horrors of the Abyss.
 72120 | Pan      | Found a transporter.
 72173 | Pan      | Found a transporter.
 72179 | Pan      | Corrupted Pan
 72904 | Pan      | Identified the ring "Myuques" {rF+ Slay+2}
 72926 | Pan      | Identified the +5 kite shield of the Slug {-Cast rC+
                  | Stlth+}
 73021 | Pan      | Found a transporter.
 73032 | Pan      | Found an exit through the horrors of the Abyss.
 73345 | Pan      | Found a transporter.
 73422 | Pan      | Corrupted Pan
 73865 | Pan      | Identified the ring "Zememaso" {rF- MP+9 Int+2 Slay+3}
 73876 | Pan      | Identified the ring "Reshroa" {rN+ MP+9 Int+3 Stlth+}
 73889 | Pan      | Identified the ring "Ropnoss" {Fire rElec rPois Str-4
                  | Dex+5}
 74254 | Pan      | Noticed Gloorx Vloq
 74255 | Pan      | Corrupted Pan
 74528 | Pan      | Found a runed translucent door.
 74660 | Pan      | Noticed Iwnin the pandemonium lord
 74680 | Pan      | Gained mutation: You are weak. (Str -2) [a cacodemon]
 74697 | Pan      | Killed Iwnin the pandemonium lord
 75579 | Pan      | Noticed Mnoleg
 75582 | Pan      | Corrupted Pan
 75597 | Pan      | Killed Mnoleg
 75637 | Pan      | Noticed Fetageq the pandemonium lord
 75647 | Pan      | Killed Fetageq the pandemonium lord
 75878 | Pan      | Noticed Raduz the pandemonium lord
 75879 | Pan      | Corrupted Pan
 75909 | Pan      | Killed Raduz the pandemonium lord
 76662 | Pan      | Found an exit through the horrors of the Abyss.
 76950 | Pan      | Noticed Qohy the pandemonium lord
 76958 | Pan      | Corrupted Pan
 76959 | Pan      | Noticed an ancient lich
 77005 | Pan      | Killed Qohy the pandemonium lord
 77770 | Pan      | Noticed Fysaq the pandemonium lord
 77773 | Pan      | Corrupted Pan
 77778 | Pan      | Killed Fysaq the pandemonium lord
 77793 | Pan      | Got a demonic rune of Zot
 77796 | Pan      | Noticed Uphodeif the pandemonium lord
 78032 | Depths:1 | Escaped Pandemonium
 78370 | Zot:1    | Entered Level 1 of the Realm of Zot
 78650 | Depths:4 | Reached skill level 15 in Stealth
 79097 | Zot:1    | Lost mutation: You are somewhat resistant to further
                  | mutation. [potion of mutation]
 79097 | Zot:1    | Lost mutation: You are strong-willed. (Will+) [potion of
                  | mutation]
 79097 | Zot:1    | Lost mutation: You are weak. (Str -2) [potion of mutation]
 79097 | Zot:1    | Gained mutation: You sometimes lose your temper in combat.
                  | [potion of mutation]
 79097 | Zot:1    | Gained mutation: You are agile. (Dex +4, Str/Int -1)
                  | [potion of mutation]
 79098 | Zot:1    | Lost mutation: You sometimes lose your temper in combat.
                  | [potion of mutation]
 79098 | Zot:1    | Lost mutation: You are agile. (Dex +4, Str/Int -1) [potion
                  | of mutation]
 79098 | Zot:1    | Gained mutation: You are resistant to electric shocks.
                  | (rElec) [potion of mutation]
 79098 | Zot:1    | Gained mutation: You are somewhat resistant to further
                  | mutation. [potion of mutation]
 79098 | Zot:1    | Gained mutation: You expend magic power (3 MP) to
                  | strengthen your wands. [potion of mutation]
 80180 | Zig:1    | Entered Level 1 of a ziggurat
 80195 | Zig:2    | Entered Level 2 of a ziggurat
 80205 | Zig:2    | Reached skill level 27 in Shapeshifting
 80221 | Zig:3    | Entered Level 3 of a ziggurat
 80294 | Zig:4    | Entered Level 4 of a ziggurat
 80296 | Zig:4    | Found the ring of Shadows {Umbra +Inv Stlth+}
 80410 | Zig:5    | Entered Level 5 of a ziggurat
 80434 | Zig:5    | Identified the ring of Laisoume {rC++ rCorr SInv}
 80436 | Zig:5    | Identified the amulet of Gluttony {Acrobat rF- Regen+ rCorr
                  | Dex+6}
 80453 | Zig:6    | Entered Level 6 of a ziggurat
 80457 | Zig:6    | Noticed an ancient lich
 80461 | Zig:6    | Killed an ancient lich
 80472 | Zig:6    | Identified the +9 executioner's axe of Bemn {drain, rN+
                  | rCorr Stlth+}
 80480 | Zig:6    | Identified the ring of Coyguwn {rElec rF+ rN+}
 80502 | Zig:7    | Entered Level 7 of a ziggurat
 80629 | Zig:7    | Identified the +8 halberd of Fortitude {heavy, Str-4 Int+6}
 80631 | Zig:7    | Identified the amulet of Scepticism {Reflect rElec SH+5}
 80657 | Zig:8    | Entered Level 8 of a ziggurat
 80666 | Zig:8    | Found the +11 Singing Sword {sonic wave}
 80772 | Zig:8    | Identified the ring "Isaidd" {Fly Str+4}
 80806 | Zig:9    | Entered Level 9 of a ziggurat
 80818 | Zig:9    | Noticed Peaqeic the pandemonium lord
 80819 | Zig:9    | Corrupted Zig:9
 80822 | Zig:9    | Killed Peaqeic the pandemonium lord
 80827 | Zig:9    | Identified the +1 robe of Rawapoutu {rF+}
 80958 | Zig:10   | Entered Level 10 of a ziggurat
 81192 | Zig:11   | Entered Level 11 of a ziggurat
 81306 | Zig:11   | Got the Compendium of the Cockatrice
 81317 | Zig:11   | Identified the +10 whip "Jineggitt" {flame, rElec rPois rC+
                  | Int-3}
 81342 | Zig:12   | Entered Level 12 of a ziggurat
 81353 | Zig:12   | Found the +7 great mace "Firestarter" {flame, immolate,
                  | rFlCloud rF++}
 81477 | Zig:12   | Identified the +10 orcbow of Noiruon {freeze, rC++ rCorr
                  | Str-3 Int+3}
 81485 | Zig:12   | Identified the staff of Incongruity {MP-9 Str+4 Stlth+
                  | Earth}
 81492 | Zig:12   | Identified the ring of Azojan {rPois Str+6 Dex+4 Slay+2}
 81531 | Zig:13   | Entered Level 13 of a ziggurat
 81537 | Zig:13   | Noticed a royal mummy
 81538 | Zig:13   | Noticed a royal mummy
 81538 | Zig:13   | Noticed a royal mummy
 81541 | Zig:13   | Identified 2 scrolls of acquirement
 81543 | Zig:13   | Corrupted Zig:13
 82121 | Hell     | Killed Geryon
 82198 | Hell     | Found a gateway to the freezing wastes of Cocytus.
 82265 | Hell     | Found a gateway to the decaying netherworld of Tartarus.
 82315 | Hell     | Found a gateway to the ashen valley of Gehenna.
 82369 | Hell     | Found a gateway to the Iron City of Dis.
 82552 | Tar:1    | Entered Level 1 of Tartarus
 82868 | Tar:2    | Reached skill level 27 in Unarmed Combat
 83277 | Tar:6    | Noticed an ancient lich
 83280 | Tar:6    | Killed an ancient lich
 83364 | Tar:7    | Entered Level 7 of Tartarus
 83775 | Tar:7    | Noticed an ancient lich
 83775 | Tar:7    | Noticed a dread lich
 83781 | Tar:7    | Killed an ancient lich
 83784 | Tar:7    | Killed a dread lich
 84199 | Tar:7    | Noticed Ereshkigal
 84201 | Tar:7    | Corrupted Tar:7
 84220 | Tar:7    | Killed Ereshkigal
 84481 | Tar:7    | Identified the +10 orcbow "Dahagg" {drain, rElec Int+6}
 84518 | Tar:7    | Got a bone rune of Zot
 84935 | Geh:1    | Entered Level 1 of Gehenna
 85005 | Geh:1    | Reached skill level 27 in Dodging
 86058 | Geh:6    | Corrupted Geh:6
 86986 | Geh:5    | Noticed a dread lich
 86990 | Geh:5    | Killed a dread lich
 88122 | Geh:7    | Entered Level 7 of Gehenna
 88299 | Geh:7    | Corrupted Geh:7
 89168 | Geh:7    | Found the +13 sceptre of Asmodeus
 89168 | Geh:7    | Noticed Asmodeus
 89181 | Geh:7    | Killed Asmodeus
 89194 | Geh:7    | Got an obsidian rune of Zot
 89590 | Dis:1    | Entered Level 1 of the Iron City of Dis
 90827 | Dis:4    | Corrupted Dis:4
 91532 | Zot:3    | Noticed an orb of fire
 91772 | Zot:2    | Killed an orb of fire
 92296 | Dis:6    | Reached skill level 27 in Fighting
 92537 | Dis:5    | Lost intelligence.
 92630 | Depths:3 | Voluntarily entered the Abyss.
 93053 | Depths:3 | Escaped the Abyss
 93429 | Zot:3    | Corrupted Zot:3
 93986 | Tomb:1   | Entered Level 1 of the Tomb of the Ancients
 94284 | Tomb:1   | Corrupted Tomb:1
 95624 | Zot:4    | Noticed an orb of fire
 95633 | Zot:4    | Killed an orb of fire
 96481 | Zot:5    | Entered Level 5 of the Realm of Zot
 96689 | Zot:5    | Paralysed by a Zot trap for 4 turns
 96732 | Zot:5    | Noticed an orb of fire
 96734 | Zot:5    | Noticed an orb of fire
 96735 | Zot:5    | Noticed an orb of fire
 96736 | Zot:5    | Noticed an orb of fire
 96756 | Zot:5    | Noticed an orb of fire
 96762 | Zot:5    | Gained mutation: Your body sometimes deteriorates upon
                  | taking damage. [an orb of fire]
 96767 | Zot:5    | Killed an orb of fire
 96768 | Zot:5    | Gained mutation: You occasionally shout uncontrollably at
                  | your foes. [an orb of fire]
 96770 | Zot:5    | Killed an orb of fire
 96773 | Zot:5    | Corrupted Zot:5
 96784 | Zot:5    | Killed an orb of fire
 97200 | Temple   | Entered the Ecumenical Temple
 97211 | Temple   | Fell from the grace of Lugonu
 97211 | Temple   | Became a worshipper of the Shining One
 97476 | Pan      | Entered Pandemonium
 97565 | Pan      | Reached * piety under the Shining One
 97576 | Pan      | Noticed Xaochiez the pandemonium lord
 97586 | Pan      | Reached ** piety under the Shining One
 97594 | Pan      | Killed Xaochiez the pandemonium lord
 97894 | Pan      | Found an exit through the horrors of the Abyss.
 97958 | Pan      | Reached *** piety under the Shining One
 98273 | Pan      | Found an exit through the horrors of the Abyss.
 98278 | Pan      | Reached **** piety under the Shining One
 98407 | Pan      | Noticed Xusosaenn the pandemonium lord
 98411 | Pan      | Reached ***** piety under the Shining One
 98419 | Pan      | Killed Xusosaenn the pandemonium lord
 98837 | Pan      | Reached ****** piety under the Shining One
 99019 | Pan      | Noticed Minaylich the pandemonium lord
 99030 | Depths:1 | Escaped Pandemonium
 99481 | Dis:7    | Entered Level 7 of the Iron City of Dis
 99498 | Dis:7    | Reached skill level 27 in Invocations
 99848 | Dis:7    | Lost intelligence.
100152 | Temple   | Fell from the grace of the Shining One
100152 | Temple   | Became a worshipper of Elyvilon the Healer
100152 | Temple   | Reached * piety under Elyvilon
100152 | Temple   | Reached ** piety under Elyvilon
100152 | Temple   | Reached *** piety under Elyvilon
100261 | Temple   | Fell from the grace of Elyvilon
100261 | Temple   | Became a worshipper of the Shining One
101675 | Dis:7    | Identified the +6 plate armour of the Rhinotaur {rElec}
101678 | Dis:7    | Identified the +3 war axe of Hubris {drain, Dex+5}
101684 | Dis:7    | Identified the +9 dagger of Due Proportion {vamp, Int+3
                  | SInv Stlth-}
101687 | Dis:7    | Identified the staff "Elupt" {rC+ Dex+6 Ice}
101688 | Dis:7    | Identified the amulet of Cacot {RegenMP rElec rCorr Dex+2}
101705 | Dis:7    | Identified the ring "Keocwuf" {rN+ Str+6 Dex+3}
101709 | Dis:7    | Identified the +3 scale mail "Ruytec" {rElec Dex+5}
101714 | Dis:7    | Identified the staff "Xewa Awi" {rPois rF+ Fire Alchemy}
101971 | Abyss:5  | Cast into level 5 of the Abyss (Lugonu's touch)
102002 | Abyss:5  | Paralysed by accursed screaming for 1 turns
102009 | Dis:7    | Escaped the Abyss
102111 | Dis:7    | Identified the ring of Bockires {rF++ AC+4 Str+2 Dex-5}
102153 | Dis:7    | Noticed Dispater
102302 | Dis:7    | Killed Dispater
102303 | Dis:7    | Reached skill level 15 in Evocations
102321 | Dis:7    | Got an iron rune of Zot
102494 | Coc:1    | Entered Level 1 of Cocytus
102530 | Coc:1    | Paralysed by a wendigo for 1 turns
102591 | Abyss:5  | Cast into level 5 of the Abyss (Lugonu's touch)
102630 | Hell     | Escaped the Abyss
102958 | Hell     | Lost mutation: You occasionally shout uncontrollably at
                  | your foes. [potion of mutation]
102958 | Hell     | Lost mutation: You are resistant to electric shocks.
                  | (rElec) [potion of mutation]
102958 | Hell     | Lost mutation: You expend magic power (3 MP) to strengthen
                  | your wands. [potion of mutation]
102958 | Hell     | Gained mutation: Potions are less effective at restoring
                  | your health. [potion of mutation]
102959 | Hell     | Lost mutation: Your body sometimes deteriorates upon taking
                  | damage. [potion of mutation]
102959 | Hell     | Lost mutation: You are somewhat resistant to further
                  | mutation. [potion of mutation]
102959 | Hell     | Lost mutation: Potions are less effective at restoring your
                  | health. [potion of mutation]
102959 | Hell     | Gained mutation: Your system is resistant to poisons.
                  | (rPois) [potion of mutation]
103154 | Coc:3    | Noticed a dread lich
103163 | Coc:3    | Killed a dread lich
103592 | Abyss:6  | Cast into level 6 of the Abyss (Lugonu's touch)
103664 | Abyss:6  | Gained mutation: Your flesh is heat resistant. (rF+) [a
                  | neqoxec]
103667 | Abyss:6  | Gained mutation: Your spells are a little easier to cast,
                  | but a little less powerful. [a neqoxec]
103710 | Abyss:6  | Paralysed by accursed screaming for 1 turns
103741 | Coc:4    | Escaped the Abyss
105285 | Coc:7    | Entered Level 7 of Cocytus
105353 | Coc:7    | Paralysed by a wendigo for 1 turns
105465 | Coc:7    | Reached skill level 27 in Stealth
105475 | Coc:7    | Learned a level 9 spell: Polar Vortex
105530 | Coc:7    | Reached skill level 1 in Spellcasting
105530 | Coc:7    | Reached skill level 1 in Ice Magic
105821 | Coc:7    | Noticed the Serpent of Hell
105832 | Coc:7    | Killed the Serpent of Hell
105833 | Coc:7    | Reached skill level 5 in Ice Magic
105913 | Coc:7    | Reached skill level 5 in Spellcasting
105942 | Coc:7    | Was forgiven by Lugonu
106157 | Coc:7    | Identified the ring of the Greedy {rElec MP+9 Str-5 Dex+5
                  | Slay+4}
106256 | Coc:7    | Reached skill level 10 in Ice Magic
106337 | Coc:7    | Noticed Antaeus
106355 | Coc:7    | Killed Antaeus
106480 | Coc:7    | Got an icy rune of Zot
107147 | Tomb:2   | Noticed a royal mummy
107155 | Tomb:2   | Noticed a royal mummy
107156 | Tomb:2   | Killed a royal mummy
107157 | Tomb:2   | Noticed a royal mummy
107165 | Tomb:2   | Noticed a royal mummy
107165 | Tomb:2   | Noticed a royal mummy
107486 | Tomb:2   | Killed a royal mummy
107490 | Tomb:2   | Killed a royal mummy
107496 | Tomb:2   | Killed a royal mummy
107506 | Tomb:2   | Killed a royal mummy
108615 | Tomb:3   | Entered Level 3 of the Tomb of the Ancients
108627 | Tomb:3   | Noticed a royal mummy
108631 | Tomb:3   | Noticed a royal mummy
108632 | Tomb:3   | Reached skill level 10 in Spellcasting
108647 | Tomb:3   | Noticed a royal mummy
108930 | Tomb:3   | Killed a royal mummy
108932 | Tomb:3   | Noticed a royal mummy
108939 | Tomb:3   | Noticed a royal mummy
109001 | Tomb:3   | Noticed a royal mummy
109002 | Tomb:3   | Noticed a royal mummy
109007 | Tomb:3   | Killed a royal mummy
109010 | Tomb:3   | Killed a royal mummy
109015 | Tomb:3   | Noticed a royal mummy
109025 | Tomb:3   | Found the +10 tower shield of Ignorance {rN+ Int-4}
109419 | Tomb:3   | Noticed a royal mummy
109422 | Tomb:3   | Killed a royal mummy
109501 | Tomb:3   | Killed a royal mummy
109882 | Tomb:3   | Reached skill level 15 in Ice Magic
109890 | Tomb:3   | Killed a royal mummy
109896 | Tomb:3   | Killed a royal mummy
110032 | Tomb:3   | Killed a royal mummy
110182 | Tomb:3   | Identified the ring of Basyan {+Blink Will+}
110185 | Tomb:3   | Identified the +4 sling of Xitemoelak {freeze, Int+4}
110234 | Tomb:3   | Identified the +10 orcbow "Ekhloash" {drain, rF+}
110301 | Tomb:3   | Killed a royal mummy
110592 | Tomb:3   | Got a golden rune of Zot
111305 | Zot:5    | Found the +4 dragonskin cloak
111305 | Zot:5    | Noticed Tiamat
111317 | Zot:5    | Killed an orb of fire
111324 | Zot:5    | Killed an orb of fire
111332 | Zot:5    | Noticed an orb of fire
111341 | Zot:5    | Killed Tiamat
111351 | Zot:5    | Killed an orb of fire
111540 | Zot:5    | Noticed an orb of fire
111548 | Zot:5    | Killed an orb of fire
111549 | Zot:5    | Noticed a dread lich
111555 | Zot:5    | Killed a dread lich
111573 | Zot:5    | Got the Orb of Zot
111696 | Zot:3    | Got the Spellbook of the Foggy Volley
112126 | D:8      | Noticed Fonliex the pandemonium lord
112137 | D:8      | Killed Fonliex the pandemonium lord
112332 | D:$      | Escaped with the Orb!

Illustrated notes

Levels and vault maps discovered:
D:1:      scummos_arrival_simple_fountains, layout_loops_ring
D:2:      layout_loops_corners, serial_aquarium, aquarium_bridge_straight
          [aquarium_subvault_bridge, aquarium_subvault_wall,
          aquarium_subvault_bridge, aquarium_subvault_wall], aquarium_window_1,
          aquarium_window_1, aquarium_view_2e, aquarium_view_2b
D:3:      layout_basic, mainiacjoe_overflow_large_starburst,
          minmay_increasing_density, uniq_sigmund
D:4:      minmay_clustersquares, layout_layer_cave, gup_sewer_entry_pipe,
          serial_shops, nicolae_shop_hallway_stairs, nicolae_shop_unique_rings,
          uniq_blork_the_orc, uniq_robin, uniq_crazy_yiuf_cottage
D:5:      layout_basic, minmay_temple_entry_tees, minivault_5
D:6:      layout_loops_corners, ebering_ghost_reflecting_pool, uniq_grinder
D:7:      layout_basic, overflow_temple_1_default,
          mainiacjoe_overflow_cross_hatched, old_standard_altar, serial_shops,
          shop
D:8:      layout_basic, gammafunk_ghost_grave, chequers_serial_rivers_micro_e,
          nicolae_have_a_lightning_rod
D:9:      layout_rooms, nicolae_vehumet_radiance, mainiacjoe_overflow_alcove_4,
          minmay_misc_feat_five, uniq_psyche
D:10:     layout_long_grid, mainiacjoe_overflow_concentric_impassable,
          kennysheep_orc_sif_temple, hellmonk_lair_entry_icy, enter_trove_1
D:11:     cheibrodos_tormentor_scu, layout_long_grid,
          nicolae_transporter_circle, uniq_harold, uniq_erica
D:12:     layout_long_grid, orc_david_3, uniq_erolcha, uniq_rupert
D:13:     layout_roguey, hellmonk_guarded_unrand_seven_league_boots
D:14:     layout_cave_pools, hellmonk_vaults_keyhole,
          minmay_large_rounded_square, nrook_campfire
D:15:     grunt_enter_depths_magical_seal, layout_long_grid,
          nicolae_ru_the_path_less_chosen
Temple:   hellmonk_temple_forest_ring
Lair:1:   layout_gridlike, uniq_joseph
Lair:2:   layout_long_grid, minmay_swamp_entry_reptiles,
          infiniplex_staircase_pool, uniq_amaemon, uniq_gastronok
Lair:3:   layout_cave_pods, minmay_snake_entry_guardpost_large,
          ebering_ghost_funeral_grove
Lair:4:   layout_long_grid, lemuel_fruit_tree, lemuel_fruit_fields,
          grunt_megastairs_5
Lair:5:   minmay_lair_end_enchanted_forest, layout_hall_layers, slime_entry_2,
          hibernation_bobbens
Swamp:1:  layout_basic_swamp, hangedman_swamp_cone
Swamp:2:  layout_basic_swamp, hangedman_swamp_ruin_hall, swamp_pool_1_2,
          nicolae_swamp_long_stream
Swamp:3:  layout_falls_marsh, ebering_ghost_rock_garden,
          nicolae_swamp_some_circles
Swamp:4:  swamp_alternative, layout_basic_swamp, uniq_louise
Snake:1:  layout_rooms, grunt_megastairs_2, minmay_shoptagon,
          serial_bayou_shore_a, uniq_nikola
Snake:2:  layout_gridlike
Snake:3:  layout_rooms, nicolae_snake_scaly_snakehead, uniq_aizul,
          uniq_asterion, uniq_vashnia
Snake:4:  snake_pit_salamanders_mu, layout_cave_town
Slime:1:  layout_caves
Slime:2:  layout_caves
Slime:3:  layout_caves
Slime:4:  layout_caves
Slime:5:  slime_pit_nicolae_block_by_block
Orc:1:    layout_caves, gammafunk_ghost_fury_of_okawaru
Orc:2:    pubby_orc_utopia, serial_shops
Elf:1:    nicolae_elf_arrival_fired_up, layout_onion_city, serial_shops,
          bzr_entry_customers, minmay_elf_necromancy
Elf:2:    elven_hall_of_blades_hangedman_original [nicolae_blade_bullseye],
          layout_geoelf_octagon, minivault_8, lemuel_upstairs_altar, uniq_donald
Elf:3:    minmay_elf_hall_spiked, layout_geoelf_octagon, serial_shops, shop,
          nicolae_elf_variegated_diamond
Vaults:1: nicolae_vaults_tangram_1, v_misc_29, nicolae_vaults_network_square,
          vaults_room_corners, nicolae_vaults_storage_room_statues, v_misc_16,
          nicolae_vaults_specimen_jars, nicolae_vaults_offset_grid_hallway_4,
          nicolae_vaults_more_shelving_2, nicolae_vaults_storage_closets_1,
          nicolae_vaults_oval_intersection, grunt_vaults_hallway_short,
          nicolae_vaults_alarming, grunt_vaults_bifocal,
          nicolae_vaults_diamond_1, layout_vaults_maze, serial_shops,
          nicolae_shop_just_a_little_nook
Vaults:2: infiniplex_enter_wizlab_spiral,
          nicolae_vaults_taking_the_gang_shopping,
          nicolae_vaults_stairing_the_circle, grunt_vaults_diagonal,
          nicolae_vaults_trapezoid_layered, vaults_room_hallway, v_misc_12,
          vaults_mumra_minichess_inversion, nicolae_vaults_cochlea,
          nicolae_vaults_trapezoid_4, nicolae_vaults_house_3,
          layout_vaults_ring, serial_shops, statue_bzr
Vaults:3: minmay_crypt_entry_simple_statues, vaults_dpeg_hooks,
          vaults_mumra_chevron, ontoclasm_vaults_decontamination,
          vaults_standard_mumra_lines, nicolae_vaults_theta,
          vaults_room_corners, grunt_vaults_funnel, nicolae_vaults_apartment_1,
          layout_vaults_omnigrid, serial_shops, shop
Vaults:4: nicolae_vaults_diamond_2, nicolae_vaults_circle_grid_a,
          nicolae_vaults_diamond_2, grunt_vaults_twisty, v_rooms_5,
          nicolae_vaults_storage_closets_3, nicolae_vaults_trapezoid_lopsided_3,
          vaults_standard_mumra_enter_the_diamond, nicolae_vaults_trapezoid_1,
          nicolae_vaults_tetromino_T_2, ontoclasm_vaults_twist,
          vaults_mumra_hex, layout_vaults_omnicross, uniq_jory
Vaults:5: serial_shops, uniq_frederick, uniq_mennas
Crypt:1:  layout_regular_city, grunt_ministairs_5, nicolae_crypt_smalloseum,
          uniq_bai_suzhen
Crypt:2:  layout_chaotic_city, pandoras_box_mu
Crypt:3:  grunt_crypt_end_deaths_head
Tomb:1
Tomb:2
Tomb:3
Depths:1: layout_basic, enter_ziggurat_d, pf_hell_entry_tar_spiral, pan_entry,
          hex_intersection, hex_large, water_maze_lemuel, uniq_sojobo
Depths:2: minmay_imperfect_grid, layout_basic, minmay_holes, pan_entry,
          hangedman_coc_ice_floe, reono_crystal_passage, dk_noncrumbling_3,
          minmay_microvault
Depths:3: cheibrodos_birdhouse, layout_gridlike, abyss_entry, hell_entry,
          uniq_grunn
Depths:4: grunt_x_marks_the_spot, layout_cave_pools, hellmouth_1,
          kennysheep_flooded_box, minmay_misc_feat_alley, tekkud_shop_of_orbs
Hell
Dis:1:    layout_gridville
Dis:2:    layout_subdivisions
Dis:3:    layout_gridville
Dis:4:    layout_gridville
Dis:5:    layout_subdivisions
Dis:6:    layout_gridville
Dis:7:    iron_city_of_dis [dis_old, dis_wall_4], layout_gridville
Geh:1:    layout_gehenna_pools_triple, lemuel_hellion_isle
Geh:2:    layout_gehenna_pools_box, lemuel_flamethrower_3
Geh:3:    layout_gehenna_pools_basic
Geh:4:    layout_gehenna_pools_basic, nicolae_geh_sunburst
Geh:5:    layout_gehenna_lava_caves
Geh:6:    layout_gehenna_pools_box
Geh:7:    geh_grunt_pentagon
Coc:1:    layout_cocytus_delve
Coc:2:    layout_ice_bergs
Coc:3:    layout_ice_bergs
Coc:4:    layout_ice_bergs
Coc:5:    layout_ice_bergs, nicolae_hells_seeping_fissure
Coc:6:    layout_ice_bergs
Coc:7:    coc_old
Tar:1:    layout_honeycomb, nicolae_tar_combbox
Tar:2:    layout_grid_maze, nicolae_hells_hurtin_island
Tar:3:    layout_grid_maze
Tar:4:    layout_cathedral_of_symmetry, nicolae_tar_honey_chapel
Tar:5:    layout_cathedral_of_symmetry
Tar:6:    layout_grid_maze
Tar:7:    tar_grunt_cathedral
Zot:1:    regret_index_malice_mire, layout_onion_interference,
          regret_index_zotdec_decaying_vile, grunt_ministairs_15,
          regret_index_zotdec_ceiling_fans
Zot:2:    layout_onion, regret_index_zotdec_twisting_globes
Zot:3:    kennysheep_bubbly, layout_misc_corridors
Zot:4:    layout_gridlike, bh_zot_levy_curve
Zot:5:    layout_misc_corridors, uniq_tiamat

Skill      XL: |  1  2  3  4  5  6  7  8  9 10 11 12 13 14 15 16 17 18 19 20 21 22 23 24 25 26 27 |
---------------+----------------------------------------------------------------------------------+-----
Stealth        | 1 2 3 4 5 6 7 8 9 10 11 27 | 27.0
Fighting       | 2 3 4 5 6 8 9 10 11 12 13 14 15 16 17 18 19 27 | 27.0
Dodging        | 3 4 5 6 8 9 10 11 12 13 14 15 16 17 18 19 27 | 27.0
Unarmed Combat | 4 5 6 7 8 9 10 11 12 13 14 15 16 17 18 19 27 | 27.0
Invocations    | 1 2 3 4 5 6 7 9 10 11 12 14 15 16 17 18 19 27 | 27.0
Shapeshifting  | 4 5 6 7 8 10 11 13 14 15 16 17 18 19 20 23 27 | 27.0
Evocations     | 1 4 8 17 | 17.3
Spellcasting   | 14 | 14.0
Ice Magic      | 17 | 17.8

Action                     |  1- 3 |  4- 6 |  7- 9 | 10-12 | 13-15 | 16-18 | 19-21 | 22-24 | 25-27 || total
---------------------------+-------+-------+-------+-------+-------+-------+-------+-------+-------++-------
  Melee: Unarmed           |    48 |    67 |    73 |   391 |  1116 |   985 |   908 |  1099 |  4811 ||  9498
         Constrict         |     8 |     8 |    81 |    82 |   214 |   228 |   142 |       |       ||   763
         Tentacles         |     8 |    14 |    77 |   112 |   363 |       |       |       |       ||   574
         Punch             |     2 |     1 |    14 |     1 |       |       |    41 |   120 |   915 ||  1094
         Short sword       |       |       |   218 |    28 |       |       |       |       |       ||   246
         Tailslap          |       |       |       |       |       |       |    70 |   175 |       ||   245
         Bite              |       |       |       |       |       |       |    62 |   120 |       ||   182
 Invoke: Minor Destruction |       |       |    64 |    70 |    65 |    72 |    13 |       |       ||   284
         Lesser Servant of |       |       |     1 |    13 |    15 |    14 |    10 |     2 |       ||    55
         Major Destruction |       |       |       |     2 |     3 |     4 |     5 |       |       ||    14
         Greater Servant o |       |       |       |       |       |     2 |     2 |       |       ||     4
         Depart the Abyss  |       |       |       |       |       |       |       |       |     1 ||     1
         Corrupt           |       |       |       |       |       |       |       |       |    21 ||    21
         Cleansing Flame   |       |       |       |       |       |       |       |       |    30 ||    30
         Summon Divine War |       |       |       |       |       |       |       |       |    24 ||    24
         Divine Shield     |       |       |       |       |       |       |       |       |    17 ||    17
         Purification      |       |       |       |       |       |       |       |       |     1 ||     1
Ability: Begin Untransform |       |       |       |       |       |     1 |       |       |       ||     1
         Breathe Fire      |       |       |       |       |       |       |     4 |    20 |       ||    24
         Blinkbolt         |       |       |       |       |       |       |       |     1 |    56 ||    57
         Evoke Blink       |       |       |       |       |       |       |       |       |    15 ||    15
  Evoke: Wand              |       |       |       |     4 |    14 |     2 |     3 |     1 |    11 ||    35
         Lightning rod     |       |       |       |     8 |    10 |     4 |     4 |       |    10 ||    36
         Phantom mirror    |       |       |       |       |       |     1 |     1 |       |     5 ||     7
         Condenser vane    |       |       |       |       |       |       |       |       |     5 ||     5
         Sack of spiders   |       |       |       |       |       |       |       |       |     1 ||     1
    Use: Scroll            |       |     7 |    10 |     8 |     4 |     9 |     6 |     6 |    47 ||    97
         Potion            |       |     8 |       |     1 |     1 |     5 |     2 |       |    74 ||    91
   Stab: Sleeping          |     8 |    11 |    14 |     2 |     9 |    23 |    20 |    31 |    41 ||   159
         Distracted        |       |       |     2 |     3 |     8 |     8 |     3 |    10 |    29 ||    63
         Confused          |       |       |       |       |       |       |       |     1 |       ||     1
 Armour: Skin              |    10 |    33 |   104 |   131 |   285 |   526 |   397 |   572 |  1236 ||  3294
  Dodge: Dodged            |    25 |    13 |   161 |   350 |  1251 |  1138 |   836 |   922 |  5741 || 10437
  Block: Other             |       |       |       |       |       |       |       |     4 |   823 ||   827
         Reflection        |       |       |       |       |       |       |       |       |    30 ||    30
   Form: Flux              |       |       |       |     1 |       |       |       |       |       ||     1
         Serpent           |       |       |       |       |       |     2 |     1 |       |       ||     3
         Dragon            |       |       |       |       |       |       |     2 |       |       ||     2
         Storm             |       |       |       |       |       |       |       |     1 |       ||     1
